 Dungeon Crawl Stone Soup version 0.29.1-2-gbd0b4ee654 (webtiles) character file.

Game seed: 6303504400673785749

499 styxcanada the Covert (level 6, -2/32 HPs)
             Began as a Spriggan Brigand on Nov 3, 2022.
             Slain by a wyvern zombie (8 damage)
             ... on level 6 of the Dungeon.
             The game lasted 00:20:00 (4148 turns).

styxcanada the Covert (Spriggan Brigand)            Turns: 4148, Time: 00:20:00

Health: -2/32      AC:  4    Str:  7    XL:     6   Next: 94%
Magic:  7/7        EV: 18    Int: 12    God:
Gold:   256        SH:  0    Dex: 19    Spells: 2/5 levels left

rFire   . . .      SeeInvis +   g - +2 short sword (vamp)
rCold   . . .      Faith    .   (no shield)
rNeg    . . .      Spirit   .   b - +1 robe
rPois   .          Reflect  .   (helmet restricted)
rElec   .          Harm     .   c - +0 cloak
rCorr   .          Rampage  .   (gloves unavailable)
Will    +....                   (boots unavailable)
Stlth   ++++......              (no amulet)
HPRegen 0.10/turn               i - ring of flight
MPRegen 0.10/turn               s - +4 ring of slaying

@: flying, very quick
A: very small, no large weapons, unfitting armour, see invisible, speed 3
a: no special abilities


You were on level 6 of the Dungeon.
You visited 1 branch of the dungeon, and saw 6 of its levels.

You collected 256 gold pieces.

Inventory:

Hand Weapons
 a - a +2 dagger
 g - a +2 vampiric short sword (weapon)
 q - a +2 mace of protection
Missiles
 d - 5 poisoned darts (quivered)
 e - 3 curare-tipped darts
 f - 105 stones
 t - 2 boomerangs
Armour
 b - a +1 robe (worn)
 c - a +0 cloak (worn)
Jewellery
 i - a ring of flight (left hand)
 j - a ring of fire
 s - a +4 ring of slaying (right hand)
 u - a ring of poison resistance
Wands
 w - a wand of acid (7)
Scrolls
 h - a scroll of identify
 k - 3 scrolls of silence
Potions
 l - a potion of mutation
 m - a potion of heal wounds {unknown}
 n - a potion of magic
 o - 2 potions of resistance {unknown}
 v - a potion of brilliance
 z - 4 potions of curing


   Skills:
 * Level 2.5 Fighting
 + Level 4.1 Short Blades
 + Level 2.8 Throwing
 * Level 3.5 Dodging
 * Level 9.2 Stealth
 * Level 2.3 Evocations


You had 2 spell levels left.
You knew the following spells:

 Your Spells              Type           Power      Damage    Failure   Level
a - Confusing Touch       Hex            0%         N/A       69%         3

Your spell library contained the following spells:

 Spells                   Type           Power      Damage    Failure   Level
 Yara's Violent Unravell  Hex/Tmut       0%         3d3       100%        5
 Enfeeble                 Hex            0%         N/A       100%        7


Dungeon Overview and Level Annotations

Branches:
Dungeon (6/15)
 Temple: D:4-7

Altars:
Hepliaklqana
Kikubaaqudgha
Sif Muna

Shops:
D:3 (   D:4 [(?[

Annotations:
D:4 Sabo's ghost, amateur OpEE


Innate Abilities, Weirdness & Mutations

You are very small and have problems with some larger weapons.
You are too small for most types of armour.
You have supernaturally acute eyesight. (SInv)
You cover ground extremely quickly. (Speed+++)


Message History

There is a stone staircase leading up here.
There are monsters nearby!
The water moccasin zombie completely misses you.
You closely miss the water moccasin zombie.
The wyvern zombie bites you! The water moccasin zombie misses you.
You barely miss the wyvern zombie. The wyvern zombie bites you.
The water moccasin zombie bites you but does no damage.
A sky beast comes into view.
Aiming: Corrosive Bolt
Press: ? - help, Shift-Dir - straight line, f - wyvern zombie
Aim: a wyvern zombie (90% to hit)
The bolt of acid hits the wyvern zombie!
The acid corrodes the wyvern zombie!
The wyvern zombie is moderately damaged.
The bolt of acid hits the water moccasin zombie!
The acid corrodes the water moccasin zombie!
The water moccasin zombie is moderately damaged.
You puncture the wyvern zombie!
The wyvern zombie is heavily damaged.
The wyvern zombie barely misses you.
You hit the wyvern zombie but do no damage.
The wyvern zombie is heavily damaged.
The wyvern zombie barely misses you.
You puncture the wyvern zombie!
The wyvern zombie is severely damaged.
The water moccasin zombie closely misses you.
The wyvern zombie misses you.
You puncture the wyvern zombie!
The wyvern zombie is almost destroyed.
The water moccasin zombie closely misses you.
The wyvern zombie bites you!
You barely miss the wyvern zombie.
The wyvern zombie is almost destroyed.
The wyvern zombie bites you.
* * * LOW HITPOINT WARNING * * *
The water moccasin zombie bites you.
* * * LOW HITPOINT WARNING * * *
The sky beast flickers out of sight for a moment.
You reach down and open the door.
The wyvern zombie bites you!
You die...

#.....#
######.....# .+
#....#..$..# ..#
#....#.....##...#
#....#...........
+....#<..........
... #...........
##'###....8......
#.@Z.Y.......+###
#..Z##..........
#...##.....##...
######..........#
#..!........
#.....Y...
#.........
#........


You could see a sky beast (invisible), a water moccasin zombie (corroded) and a
wyvern zombie (corroded).

Vanquished Creatures
  An ogre (D:4)
  2 phantoms
  2 hounds (D:4)
  A gnoll (D:1)
  7 adders
  An ufetubus (D:4)
  3 worms
  4 dart slugs
  11 orcs
  6 bats
  9 endoplasms
  11 goblins
  10 hobgoblins
  7 jackals
  12 kobolds
  3 quokkas
  7 ball pythons
  4 frilled lizards
  3 rats (D:1)
  A toadstool (D:1)
105 creatures vanquished.

Vanquished Creatures (others)
  3 toadstools (D:1)
3 creatures vanquished.

Grand Total: 108 creatures vanquished

Notes
Turn   | Place    | Note
-------+----------+-------------------------------------------
     0 | D:1      | styxcanada the Spriggan Brigand began the quest for the
                  | Orb.
     0 | D:1      | Reached XP level 1. HP: 10/10 MP: 2/2
    16 | D:1      | Reached skill level 6 in Stealth
   111 | D:1      | Reached XP level 2. HP: 13/14 MP: 3/3
   553 | D:1      | Reached XP level 3. HP: 18/18 MP: 4/4
  1065 | D:2      | Reached skill level 7 in Stealth
  1465 | D:2      | Reached XP level 4. HP: 22/23 MP: 5/5
  1573 | D:2      | You are sucked into a shaft and drop 1 floor!
  1911 | D:3      | Found Buireg's Antique Weapon Shop.
  1951 | D:3      | Found a faded altar of an unknown god.
  2469 | D:4      | Found Peileuhi's Antique Weapon Shoppe.
  2485 | D:4      | Reached XP level 5. HP: 26/26 MP: 6/6
  2494 | D:4      | Noticed an ogre
  2528 | D:4      | Killed an ogre
  2529 | D:4      | Reached skill level 8 in Stealth
  2529 | D:4      | Reached skill level 1 in Evocations
  2569 | D:4      | Found Gylyrih's Antique Armour Shop.
  2585 | D:4      | Found Byefecuwn's Magic Scroll Boutique.
  2688 | D:4      | Found Etitrust's Antique Armour Emporium.
  2747 | D:4      | Noticed Sabo's ghost (amateur OpEE)
  2750 | D:4      | Found a runed translucent door.
  2767 | D:4      | Reached XP level 6. HP: 30/30 MP: 7/7
  3107 | D:4      | Found an ancient bone altar of Kikubaaqudgha.
  3345 | D:4      | Reached skill level 9 in Stealth
  3564 | D:5      | Entered Level 5 of the Dungeon
  3589 | D:5      | Found a hazy altar of Hepliaklqana.
  3593 | D:5      | Found a shimmering blue altar of Sif Muna.
  3843 | D:5      | Learned a level 3 spell: Confusing Touch
  4135 | D:6      | Noticed a sky beast
  4148 | D:6      | Slain by a wyvern zombie

Illustrated notes

Levels and vault maps discovered:
D:1:      ldierk_water_garden, layout_rooms, nicolae_grassy_gnolls
D:2:      layout_loops_ring, nicolae_concentric_dashed_squares_wild,
          nicolae_elevator_lobby_plus
D:3:      layout_loops_ring, nicolae_ecumenical_snake_handling, serial_shops,
          nicolae_shop_statue_plus, guppyfry_early_orc_mine
D:4:      layout_loops_ring, lemuel_round_altar, serial_shops,
          nicolae_take_the_stairs, shop, nicolae_diamond_shop,
          nicolae_stop_n_shop_2, hellmonk_ghost_happy_afterlife,
          minmay_box_of_dots
D:5:      layout_cave_pools, grunt_temple_overflow_open, serial_bayou_pond_a
D:6:      layout_gridville, temple_green, serial_undead, serial_undead_d,
          serial_undead_c, serial_undead_f, serial_undead_d,
          amcnicky_mini_rare_corridor_liquid

Skill      XL: |  1  2  3  4  5  6 |
---------------+-------------------+-----
Stealth        | 6 7 8 9 |  9.2
Dodging        | 2 3 |  3.5
Short Blades   | 3 4 |  4.1
Fighting       | 2 |  2.5
Evocations     | 1 2 |  2.3
Throwing       | |  2.8

Action                   |  1- 3 |  4- 6 || total
-------------------------+-------+-------++-------
Melee: Short sword       |    96 |   151 ||   247
       Dagger            |     5 |       ||     5
       Punch             |       |     1 ||     1
Throw: Dart              |    11 |    27 ||    38
Evoke: Wand              |       |     1 ||     1
  Use: Scroll            |     3 |    11 ||    14
 Stab: Sleeping          |    10 |    14 ||    24
Armor: Robe              |    16 |    18 ||    34
Dodge: Dodged            |    76 |    93 ||   169
